[Event "HUN-chT Youth-Children 2018"]
[Site "Zalakaros"]
[Date "2018.07.28"]
[Round "6"]
[White "Kovacsy, Barnabas"]
[Black "Kovacs, Gabor Etele"]
[Result "0-1"]
[ECO "B03"]
[WhiteElo "2075"]
[BlackElo "1999"]
[Annotator "NA"]
[PlyCount "64"]
[EventDate "2018.07.26"]
[EventType "team-tourn"]
[EventCountry "HUN"]
[SourceTitle "playchess.com"]
[Source "ChessBase"]
[SourceQuality "1"]
[TimeControl "5400+30"]

1. e4 Nf6 2. e5 Nd5 3. d4 d6 4. c4 Nb6 5. exd6 cxd6 6. Nc3 g6 7. Be3 Bg7 8. Rc1 O-O 9. b3 Bf5 10. Bd3 Bxd3 11. Qxd3 d5 12. Nf3 Nc6 13. c5 Nc8 14. O-O e6 15. a3 N8e7 16. Ne2 Nf5 17. Ng3 Nh4 18. Nxh4 Qxh4 19. Ne2 Rfd8 20. Qd2 h6 21. f4 a5 22. b4 axb4 23. axb4 Ra3 24. Rc3 Rda8 25. b5 Ra2 26. bxc6 Rxd2 27. cxb7 Rda2 28. c6 Kh7 29. c7 Rxe2 30. bxa8=Q Qg4 31. Bf2 Rxf2 32. Rxf2 Qd1+ 0-1

[Event "HUN-chT Youth-Children 2018"]
[Site "Zalakaros"]
[Date "2018.07.28"]
[Round "6"]
[White "Diller, Denis"]
[Black "Juhasz, Agoston"]
[Result "1-0"]
[ECO "D15"]
[WhiteElo "2057"]
[BlackElo "2244"]
[Annotator "NA"]
[PlyCount "63"]
[EventDate "2018.07.26"]
[EventType "team-tourn"]
[EventCountry "HUN"]
[SourceTitle "playchess.com"]
[Source "ChessBase"]
[SourceQuality "1"]
[TimeControl "5400+30"]

1. d4 d5 2. c4 c6 3. Nc3 Nf6 4. Nf3 dxc4 5. e3 b5 6. a4 b4 7. Na2 e6 8. Bxc4 Bb7 9. O-O Bd6 10. b3 Nbd7 11. Bb2 O-O 12. Nc1 Qa5 13. Nd3 Rfd8 14. Qe2 Ne4 15. Rfd1 Qh5 16. h3 c5 17. dxc5 Ndxc5 18. Nxc5 Bxc5 19. Rxd8+ Rxd8 20. Rd1 Bd6 21. Bd3 Bd5 22. Bxe4 Bxe4 23. Rd4 Bd5 24. e4 Bc5 25. Rd2 h6 26. exd5 Rxd5 27. Rxd5 Qxd5 28. Nd2 Qf5 29. Ne4 Bf8 30. Qg4 Qa5 31. Nf6+ Kh8 32. Nd7 1-0

[Event "HUN-chT Youth-Children 2018"]
[Site "Zalakaros"]
[Date "2018.07.28"]
[Round "6"]
[White "Kelemen, David"]
[Black "Pasztor, Balazs"]
[Result "1/2-1/2"]
[ECO "C84"]
[WhiteElo "2055"]
[BlackElo "2072"]
[Annotator "NA"]
[PlyCount "57"]
[EventDate "2018.07.26"]
[EventType "team-tourn"]
[EventCountry "HUN"]
[SourceTitle "playchess.com"]
[Source "ChessBase"]
[SourceQuality "1"]
[TimeControl "5400+30"]

1. e4 e5 2. Nf3 Nc6 3. Bb5 a6 4. Ba4 Nf6 5. O-O Be7 6. d3 b5 7. Bb3 d6 8. a3 O-O 9. Re1 Rb8 10. Nbd2 Na5 11. Ba2 c5 12. c3 Nc6 13. Nf1 a5 14. h3 Qc7 15. d4 c4 16. a4 b4 17. Bxc4 bxc3 18. bxc3 exd4 19. cxd4 Nb4 20. Bb3 d5 21. exd5 Nfxd5 22. Bxd5 Nxd5 23. Ne3 Nxe3 24. Bxe3 Bb4 25. Rc1 Qd6 26. Bd2 Be6 27. Bxb4 Rxb4 28. Re5 Bd5 29. Re3 1/2-1/2

[Event "HUN-chT Youth-Children 2018"]
[Site "Zalakaros"]
[Date "2018.07.28"]
[Round "6"]
[White "Horvath, Balazs"]
[Black "Borhy, Marcell"]
[Result "0-1"]
[ECO "A06"]
[WhiteElo "2039"]
[BlackElo "2234"]
[Annotator "NA"]
[PlyCount "88"]
[EventDate "2018.07.26"]
[EventType "team-tourn"]
[EventCountry "HUN"]
[SourceTitle "playchess.com"]
[Source "ChessBase"]
[SourceQuality "1"]
[TimeControl "5400+30"]

1. Nf3 d5 2. g3 Nf6 3. d4 c6 4. Bg2 Bg4 5. O-O e6 6. c3 Nbd7 7. Bg5 Bd6 8. Nbd2 Qc7 9. c4 h6 10. Bxf6 Nxf6 11. c5 Be7 12. Ne5 Bf5 13. Rc1 Nd7 14. Nxd7 Qxd7 15. Re1 O-O 16. Kh1 Bf6 17. e3 e5 18. Nf3 Rfe8 19. Qd2 exd4 20. Nxd4 Be4 21. Kg1 Re5 22. Rcd1 Rae8 23. Nb3 Bxg2 24. Kxg2 h5 25. h3 h4 26. g4 Re4 27. f3 R4e6 28. Nd4 Bxd4 29. exd4 Qc7 30. Qf2 Qf4 31. Rxe6 Rxe6 32. Rf1 g5 33. Re1 Rxe1 34. Qxe1 Qxd4 35. Qe7 Qxb2+ 36. Kf1 Qb1+ 37. Kg2 Qxa2+ 38. Kf1 Qb1+ 39. Kg2 Qc2+ 40. Kf1 Qd1+ 41. Kg2 Qd2+ 42. Kf1 Qf4 43. Kf2 d4 44. Qxb7 Qe3+ 0-1

[Event "HUN-chT Youth-Children 2018"]
[Site "Zalakaros"]
[Date "2018.07.28"]
[Round "6"]
[White "Gombocz, Zsofia"]
[Black "Pasti, Anna"]
[Result "1-0"]
[ECO "B40"]
[WhiteElo "1996"]
[BlackElo "1821"]
[Annotator "NA"]
[PlyCount "43"]
[EventDate "2018.07.26"]
[EventType "team-tourn"]
[EventCountry "HUN"]
[SourceTitle "playchess.com"]
[Source "ChessBase"]
[SourceQuality "1"]
[TimeControl "5400+30"]

1. e4 c5 2. Nf3 e6 3. c4 Nc6 4. Nc3 a6 5. Be2 Qc7 6. O-O Nf6 7. d4 cxd4 8. Nxd4 Bd6 9. h3 Be5 10. Be3 O-O 11. Rc1 Qd6 12. c5 Qe7 13. f4 Bxd4 14. Bxd4 Nxd4 15. Qxd4 Rd8 16. Rfd1 Ne8 17. e5 f6 18. Ne4 Rb8 19. Bf3 Kh8 20. Nd6 Nxd6 21. cxd6 Qf8 22. Qa7 1-0

[Event "HUN-chT Youth-Children 2018"]
[Site "Zalakaros"]
[Date "2018.07.28"]
[Round "6"]
[White "Haselbach, David"]
[Black "Krstulovic, Alex"]
[Result "0-1"]
[ECO "C47"]
[WhiteElo "1996"]
[BlackElo "2289"]
[Annotator "NA"]
[PlyCount "94"]
[EventDate "2018.07.26"]
[EventType "team-tourn"]
[EventCountry "HUN"]
[SourceTitle "playchess.com"]
[Source "ChessBase"]
[SourceQuality "1"]
[TimeControl "5400+30"]

1. e4 e5 2. Nf3 Nc6 3. Nc3 Nf6 4. Be2 d5 5. exd5 Nxd5 6. O-O Nxc3 7. bxc3 Bd6 8. d4 exd4 9. cxd4 O-O 10. Bg5 Be7 11. Be3 Bf5 12. Rb1 Nb4 13. Rb2 b6 14. c4 c5 15. a3 Na6 16. d5 Bd6 17. Qd2 Qc7 18. h3 Rae8 19. Bd3 Qc8 20. Qc2 Bg6 21. Bxg6 hxg6 22. Re1 Re7 23. Qd3 Rfe8 24. Rbe2 Nc7 25. Bd2 Rxe2 26. Rxe2 Rxe2 27. Qxe2 Qa6 28. Bc1 Qa4 29. Ng5 Qb3 30. Ne4 Qb1 31. Nxd6 Qxc1+ 32. Qf1 Qxa3 33. Qe1 f6 34. g3 b5 35. Qe7 Qa5 36. cxb5 Kh7 37. Nf7 Nxd5 38. Qe8 g5 39. g4 Nf4 40. Qe4+ Kg8 41. Qe8+ Kh7 42. Qe4+ Ng6 43. h4 Qa1+ 44. Kh2 Qa2 45. Nxg5+ fxg5 46. h5 Qxf2+ 47. Kh3 Qf1+ 0-1

[Event "HUN-chT Youth-Children 2018"]
[Site "Zalakaros"]
[Date "2018.07.28"]
[Round "6"]
[White "Kratzmajer, Akos Gyorgy"]
[Black "Ugroczky, Peter"]
[Result "1/2-1/2"]
[ECO "B38"]
[WhiteElo "1972"]
[BlackElo "2247"]
[Annotator "NA"]
[PlyCount "69"]
[EventDate "2018.07.26"]
[EventType "team-tourn"]
[EventCountry "HUN"]
[SourceTitle "playchess.com"]
[Source "ChessBase"]
[SourceQuality "1"]
[TimeControl "5400+30"]

1. e4 c5 2. c4 Nc6 3. Ne2 g6 4. d4 cxd4 5. Nxd4 Bg7 6. Be3 Nf6 7. Nc3 d6 8. Be2 O-O 9. O-O a6 10. Qd2 Qc7 11. f4 Bg4 12. Nd5 Nxd5 13. exd5 Nxd4 14. Bxg4 Qxc4 15. Rfd1 Nb5 16. a4 Na7 17. Qf2 Nc8 18. a5 e5 19. dxe6 fxe6 20. Rac1 Qb3 21. Rc7 Rf7 22. Rxf7 Kxf7 23. Bd4 h5 24. Bf3 Bxd4 25. Qxd4 Ne7 26. Qxd6 Qxb2 27. Re1 Qb3 28. Qd7 Rc8 29. f5 gxf5 30. Bxh5+ Kf8 31. Qd2 Ng8 32. Qd6+ Ne7 33. Qe5 Ng8 34. Qd6+ Ne7 35. Qe5 1/2-1/2

[Event "HUN-chT Youth-Children 2018"]
[Site "Zalakaros"]
[Date "2018.07.28"]
[Round "6"]
[White "Reviczki, Roland"]
[Black "Pribelszky, Bence"]
[Result "1-0"]
[ECO "B44"]
[WhiteElo "1931"]
[BlackElo "2245"]
[Annotator "NA"]
[PlyCount "71"]
[EventDate "2018.07.26"]
[EventType "team-tourn"]
[EventCountry "HUN"]
[SourceTitle "playchess.com"]
[Source "ChessBase"]
[SourceQuality "1"]
[TimeControl "5400+30"]

1. e4 c5 2. Nf3 e6 3. d4 cxd4 4. Nxd4 Nc6 5. Nb5 d6 6. c4 Nf6 7. N1c3 a6 8. Nd4 Qa5 9. Nb3 Qc7 10. f4 Be7 11. Be3 O-O 12. Qf3 b6 13. Rc1 Nb8 14. g4 Bb7 15. Bg2 Nfd7 16. Qe2 Bh4+ 17. Kf1 Be7 18. h4 Nc5 19. g5 Nc6 20. Nd4 Nxd4 21. Bxd4 b5 22. f5 exf5 23. exf5 Bxg2+ 24. Qxg2 Nd3 25. Nd5 Qd7 26. Nf6+ Bxf6 27. gxf6 Qxf5+ 28. Kg1 g6 29. Rf1 Qh5 30. cxb5 axb5 31. Rh3 Ne5 32. Bxe5 Qxe5 33. Qd2 Rxa2 34. Qh6 Qd4+ 35. Kh1 Qe4+ 36. Rhf3 1-0

[Event "HUN-chT Youth-Children 2018"]
[Site "Zalakaros"]
[Date "2018.07.28"]
[Round "6"]
[White "Forgacs, Attila Jr"]
[Black "Lerant, Boglarka"]
[Result "1-0"]
[ECO "C64"]
[WhiteElo "1911"]
[BlackElo "1537"]
[Annotator "NA"]
[PlyCount "97"]
[EventDate "2018.07.26"]
[EventType "team-tourn"]
[EventCountry "HUN"]
[SourceTitle "playchess.com"]
[Source "ChessBase"]
[SourceQuality "1"]
[TimeControl "5400+30"]

1. e4 e5 2. Nf3 Nc6 3. Bb5 Bc5 4. c3 a6 5. Ba4 Nf6 6. O-O b5 7. Bc2 d6 8. d4 exd4 9. cxd4 Bb6 10. h3 h6 11. Re1 O-O 12. a4 b4 13. e5 dxe5 14. dxe5 Qxd1 15. Rxd1 Nh7 16. Bf4 Bb7 17. Be4 Rad8 18. Nbd2 f5 19. Bxc6 Bxc6 20. a5 Bxf3 21. Nxf3 Rxd1+ 22. Rxd1 Bxa5 23. Ra1 Bb6 24. Rxa6 Re8 25. Bd2 b3 26. Ra3 Rb8 27. Bc3 g5 28. Nd2 g4 29. Kf1 gxh3 30. gxh3 Ng5 31. h4 Nh3 32. Rxb3 Kf7 33. Bd4 Nf4 34. Bxb6 cxb6 35. Rf3 Nd5 36. Rxf5+ Ke6 37. Rf3 Kxe5 38. Rg3 Rf8 39. b3 b5 40. Kg1 Rf4 41. Rg6 Rf6 42. Rxf6 Kxf6 43. Kg2 Kf5 44. Kf3 b4 45. Nf1 Ke5 46. Ne3 Nf4 47. Ng4+ Kd4 48. Kxf4 Kc3 49. Ne3 1-0

[Event "HUN-chT Youth-Children 2018"]
[Site "Zalakaros"]
[Date "2018.07.28"]
[Round "6"]
[White "Farkas, Otto Jr"]
[Black "Pasti, Aron"]
[Result "1/2-1/2"]
[ECO "C88"]
[WhiteElo "1880"]
[BlackElo "2069"]
[Annotator "NA"]
[PlyCount "80"]
[EventDate "2018.07.26"]
[EventType "team-tourn"]
[EventCountry "HUN"]
[SourceTitle "playchess.com"]
[Source "ChessBase"]
[SourceQuality "1"]
[TimeControl "5400+30"]

1. e4 e5 2. Nf3 Nc6 3. Bb5 a6 4. Ba4 Nf6 5. O-O Be7 6. Re1 b5 7. Bb3 d6 8. h3 Na5 9. c3 Nxb3 10. axb3 O-O 11. d3 Ne8 12. Nbd2 f5 13. exf5 Bxf5 14. d4 exd4 15. Nxd4 Bd7 16. Qe2 Bg5 17. N2f3 Bxc1 18. Raxc1 Nf6 19. Ne6 Bxe6 20. Qxe6+ Kh8 21. b4 Re8 22. Qb3 Qd7 23. Ng5 d5 24. Nf3 Ne4 25. Rcd1 c6 26. Qc2 Rad8 27. b3 Qc8 28. Nd2 Nxd2 29. Qxd2 h6 30. Rxe8+ Rxe8 31. Re1 Rxe1+ 32. Qxe1 c5 33. bxc5 Qxc5 34. Qe8+ Kh7 35. Qe5 a5 36. b4 axb4 37. cxb4 Qxb4 38. Qf5+ Kg8 39. Qxd5+ Kf8 40. Qf5+ Kg8 1/2-1/2

[Event "HUN-chT Youth-Children 2018"]
[Site "Zalakaros"]
[Date "2018.07.28"]
[Round "6"]
[White "Monduk, Ferenc"]
[Black "Juhasz, Judit"]
[Result "0-1"]
[ECO "E90"]
[WhiteElo "1870"]
[BlackElo "1877"]
[Annotator "NA"]
[PlyCount "84"]
[EventDate "2018.07.26"]
[EventType "team-tourn"]
[EventCountry "HUN"]
[SourceTitle "playchess.com"]
[Source "ChessBase"]
[SourceQuality "1"]
[TimeControl "5400+30"]

1. d4 Nf6 2. c4 g6 3. Nc3 Bg7 4. e4 d6 5. Nf3 Bg4 6. Be2 O-O 7. O-O Nfd7 8. h3 Bxf3 9. Bxf3 Nc6 10. Be3 e5 11. d5 Nd4 12. Be2 a5 13. Rb1 Nc5 14. b3 c6 15. a3 cxd5 16. cxd5 Qe7 17. b4 axb4 18. axb4 Nd7 19. Nb5 Rfc8 20. Bd3 Nb6 21. Rc1 Qd7 22. Bxd4 Rxc1 23. Qxc1 exd4 24. Qd2 Rc8 25. Rc1 Rxc1+ 26. Qxc1 Kf8 27. Kf1 Na4 28. Qf4 Ke7 29. Qd2 Nc3 30. Na3 Qa4 31. Nc2 Qb3 32. g3 Nb1 33. Qe2 Qc3 34. Kg2 Nd2 35. b5 Nb3 36. Ne1 Nc1 37. Qd1 Bh6 38. Bf1 Qb2 39. Nc2 Nb3 40. Bd3 Qc3 41. Bf1 Bd2 42. Na3 d3 0-1

[Event "HUN-chT Youth-Children 2018"]
[Site "Zalakaros"]
[Date "2018.07.28"]
[Round "6"]
[White "Lengyel, Andrea"]
[Black "Margl, Roland"]
[Result "0-1"]
[ECO "D41"]
[WhiteElo "1854"]
[BlackElo "2183"]
[Annotator "NA"]
[PlyCount "50"]
[EventDate "2018.07.26"]
[EventType "team-tourn"]
[EventCountry "HUN"]
[SourceTitle "playchess.com"]
[Source "ChessBase"]
[SourceQuality "1"]
[TimeControl "5400+30"]

1. d4 d5 2. Nf3 Nf6 3. c4 e6 4. Nc3 c5 5. cxd5 Nxd5 6. e4 Nxc3 7. bxc3 cxd4 8. Bb5+ Bd7 9. Bxd7+ Nxd7 10. cxd4 Bb4+ 11. Bd2 Bxd2+ 12. Nxd2 O-O 13. f3 Qh4+ 14. g3 Qh3 15. Kf2 Rac8 16. Rc1 e5 17. Nb3 Qe6 18. Qd2 f5 19. d5 Qg6 20. Rxc8 Rxc8 21. Qd3 fxe4 22. fxe4 Nf6 23. Nd2 Ng4+ 24. Kg2 Qb6 25. h4 Nf2 0-1

[Event "HUN-chT Youth-Children 2018"]
[Site "Zalakaros"]
[Date "2018.07.28"]
[Round "6"]
[White "Kocsmar, Akos"]
[Black "Kiraly, Lilla Virag"]
[Result "1-0"]
[ECO "A10"]
[WhiteElo "1721"]
[BlackElo "1488"]
[Annotator "NA"]
[PlyCount "151"]
[EventDate "2018.07.26"]
[EventType "team-tourn"]
[EventCountry "HUN"]
[SourceTitle "playchess.com"]
[Source "ChessBase"]
[SourceQuality "1"]
[TimeControl "5400+30"]

1. c4 f5 2. Nc3 e6 3. g3 d5 4. d4 Nf6 5. Bg2 c6 6. Nf3 Bd6 7. O-O O-O 8. Qb3 Ne4 9. Nd2 Nd7 10. Ndxe4 fxe4 11. cxd5 exd5 12. Nxe4 Bc7 13. Nc3 Kh8 14. Bd2 Nf6 15. Rac1 Bb6 16. e3 Bf5 17. a4 Rb8 18. f3 Bd3 19. Rf2 Bg6 20. Ne2 Re8 21. Nf4 Bf7 22. Qc3 a6 23. b4 Rc8 24. Bh3 Rc7 25. Nd3 Be6 26. Bf1 Rc8 27. Nc5 Bxc5 28. bxc5 Qd7 29. Rb1 Bf5 30. Rb3 Re7 31. Qb2 Rf8 32. Be2 Rff7 33. Ba5 Qe8 34. Qc1 h6 35. Rf1 Re6 36. g4 Bh7 37. Rd1 Rfe7 38. Bd2 Rf7 39. Qb2 Ree7 40. Rc1 Bg8 41. Rcc3 Qc8 42. Rb6 Qe8 43. Rcb3 Qc8 44. Kg2 Rd7 45. Bd3 Rde7 46. Bg6 Rf8 47. h3 Bh7 48. Bxh7 Kxh7 49. Rxb7 Rxb7 50. Rxb7 Qa8 51. Qb6 Rc8 52. Ra7 Qb8 53. Rxa6 Nd7 54. Qxb8 Rxb8 55. Kf2 Rc8 56. Ra7 Nf6 57. a5 Ne8 58. a6 Nc7 59. Ba5 Nb5 60. Rb7 Ra8 61. Rb6 Rc8 62. Ke2 Kg6 63. h4 Kf6 64. Kd3 Ke6 65. e4 dxe4+ 66. fxe4 Kd7 67. Rb7+ Ke6 68. Rxg7 Ra8 69. Rg6+ Kd7 70. Rxh6 Rxa6 71. Bb4 Ra1 72. d5 cxd5 73. exd5 Rd1+ 74. Kc4 Nc7 75. Rh7+ Kc8 76. d6 1-0

[Event "HUN-chT Youth-Children 2018"]
[Site "Zalakaros"]
[Date "2018.07.28"]
[Round "6"]
[White "Balogh, Judit Dora"]
[Black "Kovacs, Bence"]
[Result "0-1"]
[ECO "A43"]
[WhiteElo "1674"]
[BlackElo "1994"]
[Annotator "NA"]
[PlyCount "60"]
[EventDate "2018.07.26"]
[EventType "team-tourn"]
[EventCountry "HUN"]
[SourceTitle "playchess.com"]
[Source "ChessBase"]
[SourceQuality "1"]
[TimeControl "5400+30"]

1. d4 c5 2. c3 d5 3. g3 Nf6 4. Bg2 Nc6 5. Nf3 Bg4 6. O-O e6 7. Bf4 Qb6 8. b3 cxd4 9. Nxd4 Bc5 10. Nxc6 bxc6 11. Nd2 O-O 12. b4 Be7 13. Re1 Rad8 14. a3 Nd7 15. a4 e5 16. Be3 Qc7 17. Nb3 Nb6 18. Bc5 Nc4 19. Qc2 Bxc5 20. Nxc5 e4 21. Nb3 f5 22. Nd4 f4 23. f3 fxg3 24. h3 Ne3 25. Qd2 Qf4 26. Qc1 Bxh3 27. Bxh3 Qh6 28. Ne6 Qxh3 29. Qxe3 Qh2+ 30. Kf1 g2+ 0-1

[Event "HUN-chT Youth-Children 2018"]
[Site "Zalakaros"]
[Date "2018.07.28"]
[Round "6"]
[White "Gulacsi, Donat Ferenc"]
[Black "Szalay-Ocsak, Bank"]
[Result "1/2-1/2"]
[ECO "B20"]
[WhiteElo "1610"]
[BlackElo "1639"]
[Annotator "NA"]
[PlyCount "81"]
[EventDate "2018.07.26"]
[EventType "team-tourn"]
[EventCountry "HUN"]
[SourceTitle "playchess.com"]
[Source "ChessBase"]
[SourceQuality "1"]
[TimeControl "5400+30"]

1. e4 c5 2. Ne2 d6 3. c4 e5 4. Nbc3 Nc6 5. d3 Nge7 6. g3 g6 7. Bg2 Bg7 8. O-O O-O 9. f4 f5 10. fxe5 dxe5 11. Be3 b6 12. Nd5 Bb7 13. Qd2 Qd7 14. a3 fxe4 15. dxe4 Nd4 16. Qd3 Nec6 17. b4 Rxf1+ 18. Rxf1 Rf8 19. Rxf8+ Kxf8 20. b5 Nd8 21. Nec3 N8e6 22. Qf1+ Qf7 23. h4 Qxf1+ 24. Bxf1 Kf7 25. Bd3 Nf8 26. Kg2 Nd7 27. Kh3 Nf6 28. Nxf6 Bxf6 29. Nd5 Bg7 30. g4 Bc8 31. Kg3 Bd7 32. g5 Ne6 33. Bd2 Nf8 34. a4 Ne6 35. Be3 Nd8 36. Bd2 Nb7 37. Be3 Nd6 38. Bd2 Nc8 39. Be3 Ne7 40. Nxe7 Kxe7 41. Bd2 1/2-1/2

[Event "HUN-chT Youth-Children 2018"]
[Site "Zalakaros"]
[Date "2018.07.28"]
[Round "6"]
[White "Foldes, Marton Gabor"]
[Black "Kiss, Eniko"]
[Result "1-0"]
[ECO "B54"]
[WhiteElo "1590"]
[BlackElo "1697"]
[Annotator "NA"]
[PlyCount "73"]
[EventDate "2018.07.26"]
[EventType "team-tourn"]
[EventCountry "HUN"]
[SourceTitle "playchess.com"]
[Source "ChessBase"]
[SourceQuality "1"]
[TimeControl "5400+30"]

1. e4 c5 2. Nf3 d6 3. d4 cxd4 4. Nxd4 g6 5. Nc3 Bg7 6. Be3 Nc6 7. Qd2 Nf6 8. f3 a6 9. O-O-O Bd7 10. g4 b5 11. h4 b4 12. Nd5 a5 13. Nxc6 Bxc6 14. Bb6 Qb8 15. Nc7+ Kf8 16. Nxa8 Qxa8 17. h5 Nd7 18. Be3 Ke8 19. Be2 Qb7 20. Bd4 e5 21. Be3 Bf8 22. Bc4 Nb6 23. Bxb6 Qxb6 24. Bd5 Be7 25. Kb1 Bd7 26. Rhg1 h6 27. f4 Bb5 28. c3 Ba6 29. c4 Bb7 30. Rdf1 g5 31. fxe5 dxe5 32. Bxf7+ Kf8 33. Be6+ Kg7 34. Rf7+ Kg8 35. Rxe7+ Kf8 36. Rf7+ Kg8 37. Rf6+ 1-0

[Event "HUN-chT Youth-Children 2018"]
[Site "Zalakaros"]
[Date "2018.07.28"]
[Round "6"]
[White "Herczeg, Marcell"]
[Black "Megyaszai, Balazs"]
[Result "1/2-1/2"]
[ECO "B50"]
[WhiteElo "1490"]
[BlackElo "1710"]
[Annotator "NA"]
[PlyCount "69"]
[EventDate "2018.07.26"]
[EventType "team-tourn"]
[EventCountry "HUN"]
[SourceTitle "playchess.com"]
[Source "ChessBase"]
[SourceQuality "1"]
[TimeControl "5400+30"]

1. e4 c5 2. Nf3 d6 3. c4 Nc6 4. d4 cxd4 5. Nxd4 Nf6 6. Nc3 a6 7. Be2 e6 8. Be3 Be7 9. O-O O-O 10. Rc1 Bd7 11. f4 Rc8 12. b3 Qc7 13. Bf3 Rfd8 14. Qe2 Qb8 15. g4 h6 16. h4 Nh7 17. g5 hxg5 18. fxg5 Ne5 19. Qg2 Rf8 20. h5 g6 21. hxg6 Nxg6 22. Bh5 Rce8 23. Nf3 Qd8 24. Rcd1 Qa5 25. Rd3 Bc8 26. Na4 Qc7 27. Qg3 Qc6 28. e5 Qe4 29. Rfd1 Nxe5 30. Nxe5 Qxe5 31. Bf4 Qg7 32. Kh2 e5 33. Bc1 Bf5 34. Rd5 Be6 35. R5d3 1/2-1/2

[Event "HUN-chT Youth-Children 2018"]
[Site "Zalakaros"]
[Date "2018.07.28"]
[Round "6"]
[White "Kis, Izabella"]
[Black "Homolya, Daniel"]
[Result "1/2-1/2"]
[ECO "C50"]
[WhiteElo "1446"]
[BlackElo "1057"]
[Annotator "NA"]
[PlyCount "58"]
[EventDate "2018.07.26"]
[EventType "team-tourn"]
[EventCountry "HUN"]
[SourceTitle "playchess.com"]
[Source "ChessBase"]
[SourceQuality "1"]
[TimeControl "5400+30"]

1. e4 e5 2. Nf3 Nc6 3. Bc4 Bc5 4. Nc3 d6 5. h3 Be6 6. Bb3 Nf6 7. d3 O-O 8. Be3 Bb6 9. O-O Qd7 10. Kh2 Rad8 11. Bg5 Kh8 12. Nd5 Bxd5 13. Bxd5 Rde8 14. Bb3 Rg8 15. Qd2 Na5 16. Nh4 Nxb3 17. axb3 Qe6 18. Nf5 g6 19. Nh6 Rgf8 20. f4 Nd7 21. f5 gxf5 22. Rxf5 f6 23. Bh4 Re7 24. Raf1 Rg7 25. R1f3 Rg6 26. Rg3 Qe8 27. Ng4 Qe7 28. Qe2 c6 29. Qf3 Bd8 1/2-1/2

[Event "HUN-chT Youth-Children 2018"]
[Site "Zalakaros"]
[Date "2018.07.28"]
[Round "6"]
[White "Koteljarto, Aron"]
[Black "Turcsanyi, Vince Gergo"]
[Result "1/2-1/2"]
[ECO "D02"]
[WhiteElo "1404"]
[BlackElo "1639"]
[Annotator "NA"]
[PlyCount "46"]
[EventDate "2018.07.26"]
[EventType "team-tourn"]
[EventCountry "HUN"]
[SourceTitle "playchess.com"]
[Source "ChessBase"]
[SourceQuality "1"]
[TimeControl "5400+30"]

1. d4 d5 2. Nf3 e6 3. Bf4 f5 4. h3 Nf6 5. Nbd2 Be7 6. e3 O-O 7. Be2 Ne4 8. Ne5 Nd7 9. Ndf3 Bb4+ 10. Kf1 Bd6 11. c3 Ndf6 12. Bd3 Nh5 13. Ke2 Nxf4+ 14. exf4 c6 15. g3 Bxe5 16. Nxe5 Qb6 17. Qb3 Qa5 18. Rhd1 c5 19. Bxe4 fxe4 20. dxc5 Qxc5 21. Rd4 b6 22. Rad1 Ba6+ 23. Ke1 Rad8 1/2-1/2

[Event "HUN-chT Youth-Children 2018"]
[Site "Zalakaros"]
[Date "2018.07.28"]
[Round "6"]
[White "Lazsadi, Kerka Lilla"]
[Black "Kasnya, Peter"]
[Result "1/2-1/2"]
[ECO "B28"]
[WhiteElo "1399"]
[BlackElo "1320"]
[Annotator "NA"]
[PlyCount "86"]
[EventDate "2018.07.26"]
[EventType "team-tourn"]
[EventCountry "HUN"]
[SourceTitle "playchess.com"]
[Source "ChessBase"]
[SourceQuality "1"]
[TimeControl "5400+30"]

1. e4 c5 2. Nf3 a6 3. Nc3 b5 4. d3 Bb7 5. Bf4 d6 6. a4 b4 7. Ne2 g6 8. c3 Bg7 9. Qd2 a5 10. Ng3 Nf6 11. Be2 O-O 12. O-O Nbd7 13. Bh6 Rc8 14. Nh4 e6 15. f4 Bxh6 16. Qe1 Bg7 17. Nf3 Qe7 18. c4 Rfe8 19. Rd1 Ng4 20. Qd2 Nb6 21. b3 Red8 22. h3 Nf6 23. Qc2 Bh6 24. f5 Bg7 25. fxg6 fxg6 26. Qd2 d5 27. exd5 exd5 28. Qc2 dxc4 29. dxc4 Ne4 30. Nxe4 Qxe4 31. Bd3 Qe6 32. Rfe1 Qf7 33. Rf1 Qc7 34. Ng5 Qb8 35. Bxg6 hxg6 36. Qxg6 Be4 37. Rxd8+ Rxd8 38. Qxe4 Bd4+ 39. Kh1 Rd7 40. Qe6+ Kh8 41. Qh6+ Kg8 42. Qg6+ Rg7 43. Qe6+ Kh8 1/2-1/2

[Event "HUN-chT Youth-Children 2018"]
[Site "Zalakaros"]
[Date "2018.07.28"]
[Round "6"]
[White "Nagy, Adam"]
[Black "Tancsa, Tamas"]
[Result "0-1"]
[ECO "C55"]
[WhiteElo "1392"]
[BlackElo "2023"]
[Annotator "NA"]
[PlyCount "120"]
[EventDate "2018.07.26"]
[EventType "team-tourn"]
[EventCountry "HUN"]
[SourceTitle "playchess.com"]
[Source "ChessBase"]
[SourceQuality "1"]
[TimeControl "5400+30"]

1. e4 e5 2. Nf3 Nc6 3. Bc4 Nf6 4. d3 Be7 5. c3 O-O 6. Bb3 d6 7. Nbd2 Na5 8. Bc2 c5 9. O-O Nc6 10. Re1 Ne8 11. Nf1 f5 12. exf5 Bxf5 13. Ng3 Bg4 14. Bb3+ d5 15. Ba4 Bxf3 16. gxf3 Bd6 17. Qb3 Nc7 18. Kg2 b5 19. Bxb5 Rb8 20. Bxc6 Rxb3 21. axb3 Qf6 22. Re3 Be7 23. Bb7 Qb6 24. Rxe5 Bf6 25. Bxd5+ Kh8 26. Rf5 g6 27. Rxf6 Qxf6 28. Be4 a6 29. Be3 Ne6 30. Rxa6 Nf4+ 31. Bxf4 Qxa6 32. Be5+ Kg8 33. Bd5+ Rf7 34. Bc4 Qa1 35. Ne4 Kf8 36. Bxf7 Kxf7 37. c4 Qa5 38. Bc3 Qb6 39. Ng5+ Kg8 40. Ne4 Kf8 41. Kg3 Ke7 42. Be5 Kd7 43. f4 Kc6 44. Nd2 Qa5 45. Bc3 Qa1 46. Kg2 Qd1 47. h3 Qc2 48. Kh2 Qxd3 49. Kg2 h5 50. Nf3 Qc2 51. b4 Qe4 52. Kg3 Kb6 53. bxc5+ Kxc5 54. b4+ Kb6 55. c5+ Kb5 56. Nd4+ Kc4 57. Ba1 Qb1 58. c6 Qxa1 59. c7 Qc3+ 60. Kg2 Kxd4 0-1

[Event "HUN-chT Youth-Children 2018"]
[Site "Zalakaros"]
[Date "2018.07.28"]
[Round "6"]
[White "Gergely, Daniel"]
[Black "Kobol, Kitti"]
[Result "1/2-1/2"]
[ECO "D00"]
[WhiteElo "1367"]
[BlackElo "1224"]
[Annotator "NA"]
[PlyCount "30"]
[EventDate "2018.07.26"]
[EventType "team-tourn"]
[EventCountry "HUN"]
[SourceTitle "playchess.com"]
[Source "ChessBase"]
[SourceQuality "1"]
[TimeControl "5400+30"]

1. d4 d5 2. Bf4 c5 3. e3 Nc6 4. Nf3 Nf6 5. Nbd2 Qb6 6. dxc5 Qxb2 7. Nb3 Qc3+ 8. Nfd2 e5 9. Bg3 Bxc5 10. Be2 Bd6 11. O-O Ne7 12. Nf3 Qc7 13. Rc1 Bg4 14. Qd2 O-O 15. c4 Bxf3 1/2-1/2

[Event "HUN-chT Youth-Children 2018"]
[Site "Zalakaros"]
[Date "2018.07.28"]
[Round "6"]
[White "Kovacs, Kristof"]
[Black "Bodo, Boglarka"]
[Result "0-1"]
[ECO "C42"]
[WhiteElo "1351"]
[BlackElo "1471"]
[Annotator "NA"]
[PlyCount "64"]
[EventDate "2018.07.26"]
[EventType "team-tourn"]
[EventCountry "HUN"]
[SourceTitle "playchess.com"]
[Source "ChessBase"]
[SourceQuality "1"]
[TimeControl "5400+30"]

1. e4 e5 2. Nf3 Nf6 3. Nxe5 d6 4. Nf3 Nxe4 5. Nc3 Nxc3 6. dxc3 Be7 7. Be3 Be6 8. Qd2 a6 9. O-O-O Nc6 10. Bd3 Qd7 11. h3 O-O-O 12. g4 h6 13. Nd4 Ne5 14. f4 Nc4 15. Qe2 Nxe3 16. Qxe3 Kb8 17. Kb1 Rhe8 18. c4 Bf6 19. Qf2 Qa4 20. b3 Qb4 21. Ne2 d5 22. c5 c6 23. Rc1 d4 24. Qg3 Bd5 25. Rhd1 Qxc5 26. g5 hxg5 27. fxg5+ Be5 28. Qf2 Be6 29. h4 Qa3 30. Ng1 Rd5 31. c3 dxc3 32. Ne2 Qb2# {[%emt 0:01:19] Ng1 Qa3 Rc2 Bf5} 0-1